 Dungeon Crawl Stone Soup version 0.16.2-12-gd0ad4c3 (webtiles) character file.

2128 faibistes the Thaumaturge (level 9, 0/49 HPs)
             Began as a Deep Elf Wizard on Mar 31, 2018.
             Was a Follower of Sif Muna.
             Slain by a goliath beetle (28 damage)
             ... on level 7 of the Dungeon.
             The game lasted 00:23:41 (9256 turns).

faibistes the Thaumaturge (Deep Elf Wizard)         Turns: 9256, Time: 00:23:41

Health: 0/49       AC:  3    Str:  4    XL:     9   Next: 8%
Magic:  20/29      EV: 18    Int: 27    God:    Sif Muna [*.....]
Gold:   316        SH:  0    Dex: 13    Spells: 8 memorised, 6 levels left

rFire  . . .     SeeInvis .     O - +4 rapier (elec)
rCold  + . .     Clarity  .     y - +0 robe {rC+}
rNeg   . . .     SustAb   .     (no shield)
rPois  .         Gourm    .     b - +0 hat
rElec  .         Spirit   .     (no cloak)
rCorr  .         Warding  .     F - +0 pair of gloves
rMut   .         Stasis   .     (no boots)
MR     .....                    (no amulet)
Stlth  ++........               G - +3 ring of evasion
                                n - ring of wizardry

@: not resistant to hostile enchantments, unstealthy
A: no striking features
a: Channel Energy, Renounce Religion


You were on level 7 of the Dungeon.
You worshipped Sif Muna.
Sif Muna was aware of your devotion.
You were very hungry.

You visited 2 branches of the dungeon, and saw 9 of its levels.

You collected 316 gold pieces.

Inventory:

Hand weapons
 o - a +1 dagger of protection
 v - a +0 dagger
 O - a +4 rapier of electrocution (weapon)
Armour
 b - a +0 hat (worn)
 y - a +0 robe of cold resistance (worn)
 F - a +0 pair of gloves (worn)
Magical staves
 Q - an uncursed staff of wizardry
Jewellery
 n - a ring of wizardry (left hand)
 q - a cursed amulet of inaccuracy {unknown}
 E - a +3 ring of dexterity
 G - a +3 ring of evasion (right hand)
Magical devices
 z - a wand of magic darts (15)
 C - a wand of slowing (17)
 D - a wand of disintegration (19)
Scrolls
 a - a scroll of enchant armour {unknown}
 h - 3 scrolls of remove curse
 i - 3 scrolls of identify
 m - a scroll of immolation {unknown}
 s - 2 scrolls of teleportation
 t - a scroll of random uselessness {unknown}
 w - 3 scrolls of amnesia
 A - a scroll of recharging
 H - a scroll of magic mapping {unknown}
 I - a scroll of blinking {unknown}
 M - a scroll of brand weapon {unknown}
 P - a scroll of fog {unknown}
 R - 2 scrolls of enchant weapon {unknown}
Potions
 e - a potion of resistance
 k - 2 potions of curing
 l - a potion of heal wounds
 p - 2 potions of ambrosia
 r - 2 potions of flight
 B - a potion of cancellation
 J - a potion of agility
 N - a potion of restore abilities
Books
 c - a book of Minor Magic

   Spells                             Type                      Level
   a - Magic Dart                     Conjuration                  1
   b - Blink                          Translocation                2
   c - Call Imp                       Summoning                    2
   d - Repel Missiles                 Charms/Air                   2
   e - Slow                           Hexes                        2
   f - Conjure Flame                  Conjuration/Fire             3
   g - Mephitic Cloud                 Conjuration/Poison/Air       3
 K - a book of Frost

   Spells                             Type                      Level
   a - Freeze                         Ice                          1
   b - Throw Frost                    Conjuration/Ice              2
   c - Ozocubu's Armour               Charms/Ice                   3
   d - Throw Icicle                   Conjuration/Ice              4
   e - Summon Ice Beast               Ice/Summoning                4
   f - Condensation Shield            Ice                          4
 L - an Akashic Record {highlevel}

   This book is beyond your current level of understanding.

   Spells                             Type                      Level
   a - Dispersal                      Translocation                6
   b - Controlled Blink               Translocation                7
   c - Malign Gateway                 Summoning/Translocation      7
   d - Disjunction                    Translocation                8
   e - Singularity                    Translocation                9
Comestibles
 d - 6 bread rations
 f - 3 fruits
 g - 5 meat rations
 j - 2 royal jellies
 u - a beef jerky
 x - a slice of pizza


   Skills:
 - Level 2.8 Fighting
 + Level 5.9 Dodging
 - Level 2.4 Stealth
 * Level 9.7 Spellcasting
 * Level 5.2 Conjurations
 * Level 3.1 Summonings
 - Level 2.0 Translocations
 - Level 3.1 Fire Magic
 * Level 1.6 Ice Magic
 * Level 3.0 Air Magic
 + Level 2.5 Poison Magic


You had 6 spell levels left.
You knew the following spells:

 Your Spells              Type           Power        Failure   Level  Hunger
a - Magic Dart            Conj           ####         1%          1    None
b - Conjure Flame         Conj/Fire      #####...     1%          3    None
c - Summon Ice Beast      Ice/Summ       ####....     9%          4    None
d - Blink                 Tloc           N/A          1%          2    None
e - Mephitic Cloud        Conj/Pois/Air  ####....     1%          3    None
f - Repel Missiles        Chrm/Air       ###...       1%          2    None
h - Call Imp              Summ           ####....     1%          2    None
x - Throw Icicle          Conj/Ice       ####....     6%          4    None


Dungeon Overview and Level Annotations

Branches:
Dungeon (8/15)             Temple (1/1) D:5
   Lair: D:8-11

Altars:
Cheibriados
Dithmenos
Elyvilon
Gozag
Kikubaaqudgha
Makhleb
Okawaru
Qazlal
Ru
Sif Muna
Vehumet
Xom
Yredelemnul
Zin
The Shining One


Message History

The orc shouts!
You hit the goliath beetle.
The goliath beetle is severely wounded.
The goliath beetle wildly waves its antennae.
A goblin comes into view. It is wielding a dagger of draining.
Casting: Mephitic Cloud
Confirm with . or Enter, or press ? or * to list all spells.
Aiming: Magic Dart
Press: ? - help, Shift-Dir - straight line, f/p - goliath beetle
Aim: a goliath beetle (severely wounded, bewildered and confused)
The magic dart hits the goliath beetle.
The goliath beetle is severely wounded.
Things that are here:
a hand axe; an orc corpse A rat comes into view.
You hit the goliath beetle but do no damage.
The goliath beetle is severely wounded.
The goliath beetle seems less confused.
The goliath beetle bites you!!
Ouch! That really hurt!
You die...

.#############....?..............
.................................
.##.####ยง......######.######.....
.##.# #.......# #.# #..... .##.#
#.......######.# ###### ###.#
##+####..)..<#.# #.#
#.###########.# ###.##
#......o)..)..########### .......
.r....gB@).......)....... ###.##
#####.....############### #.#
#.....# ## #.....# #. #.....# #.
........ #. ....##.. #. ... #...
#. #.. #.


You could see a goliath beetle, an orc, a goblin and a rat.

Vanquished Creatures
  The ghost of faibistes the Magician, an experienced DEWz of Sif Muna (D:6)
  Edmund (D:3)
  3 ogres (D:4)
  An ice beast (D:5)
  Duvessa (D:5)
  A centaur (D:5)
  A giant frog (D:6)
  3 scorpions
  2 goliath beetles
  3 crimson imps
  4 hounds
  Dowan (D:5)
  A giant frog zombie (D:7)
  A jelly (D:8)
  3 orc priests
  5 orc wizards
  4 worker ants
  A hound skeleton (D:4)
  7 gnolls
  4 shadow imps (D:5)
  9 adders
  2 giant mites
  6 worms
  3 giant geckos (D:3)
  An ooze (D:5)
  28 orcs
  13 bats
  7 giant cockroaches
  8 goblins
  18 hobgoblins
  17 jackals
  4 quokkas
  3 ball pythons
  A giant cockroach zombie (D:5)
  A giant newt (D:5)
  10 kobolds
  24 rats
203 creatures vanquished.

Vanquished Creatures (collateral kills)
  An adder (D:3)
  A jackal (D:2)
2 creatures vanquished.

Vanquished Creatures (others)
  A human (D:3)
1 creature vanquished.

Grand Total: 206 creatures vanquished

Notes
Turn   | Place    | Note
--------------------------------------------------------------
     0 | D:1      | faibistes, the Deep Elf Wizard, began the quest for the Orb.
     0 | D:1      | Reached XP level 1. HP: 10/10 MP: 6/6
   356 | D:3      | Reached XP level 2. HP: 12/15 MP: 4/10
   363 | D:3      | Learned a level 2 spell: Blink
   366 | D:3      | Learned a level 2 spell: Call Imp
   429 | D:4      | Reached skill level 5 in Spellcasting
  1175 | D:1      | Reached XP level 3. HP: 19/19 MP: 11/14
  1180 | D:1      | Learned a level 3 spell: Conjure Flame
  1184 | D:1      | Learned a level 3 spell: Mephitic Cloud
  1851 | D:2      | Reached XP level 4. HP: 24/24 MP: 9/17
  1855 | D:2      | Learned a level 2 spell: Repel Missiles
  2747 | D:3      | Reached skill level 6 in Spellcasting
  2765 | D:3      | Noticed an orc priest
  2932 | D:3      | Reached XP level 5. HP: 28/28 MP: 14/20
  3072 | D:3      | Found an ancient bone altar of Kikubaaqudgha.
  3074 | D:3      | Noticed a human
  3075 | D:3      | Killed a human
  3127 | D:3      | Noticed an orc priest
  3148 | D:3      | Killed an orc priest
  3356 | D:3      | Noticed an orc wizard
  3383 | D:3      | Killed an orc wizard
  3386 | D:3      | Killed an orc priest
  3511 | D:5      | Entered Level 5 of the Dungeon
  3603 | D:4      | Noticed Edmund
  3630 | D:3      | Reached XP level 6. HP: 18/33 MP: 1/22
  4131 | D:3      | Reached skill level 7 in Spellcasting
  4653 | D:3      | Killed Edmund
  4653 | D:3      | Reached skill level 1 in Fighting
  5071 | D:4      | Reached XP level 7. HP: 37/39 MP: 14/25
  5195 | D:4      | Noticed an ogre
  5202 | D:4      | Killed an ogre
  5202 | D:4      | Reached skill level 8 in Spellcasting
  5358 | D:4      | Noticed an ogre
  5377 | D:4      | Killed an ogre
  5445 | D:4      | Reached skill level 5 in Dodging
  5623 | D:4      | Found a glowing golden altar of the Shining One.
  5624 | D:4      | Found a white marble altar of Elyvilon.
  5625 | D:4      | Found a glowing silver altar of Zin.
  5764 | D:5      | Found a staircase to the Ecumenical Temple.
  5793 | Temple   | Entered the Ecumenical Temple
  5818 | Temple   | Became a worshipper of Sif Muna the Loreminder
  5988 | D:5      | Noticed a centaur
  6011 | D:5      | Killed a centaur
  6224 | D:5      | Reached XP level 8. HP: 42/45 MP: 23/28
  6303 | D:5      | Noticed Dowan
  6324 | D:5      | Killed Dowan
  6324 | D:5      | Reached skill level 1 in Fire Magic
  6324 | D:5      | Reached skill level 1 in Air Magic
  6324 | D:5      | Reached skill level 1 in Poison Magic
  6327 | D:5      | Reached skill level 9 in Spellcasting
  6873 | D:5      | Noticed an ice beast
  6895 | D:5      | Killed an ice beast
  7068 | D:5      | Noticed Duvessa
  7125 | D:5      | Killed Duvessa
  7125 | D:5      | Acquired Sif Muna's first power
  7613 | D:6      | Noticed faibistes' ghost (experienced DEWz)
  7625 | D:6      | Killed faibistes' ghost
  7831 | D:6      | Reached skill level 5 in Conjurations
  7885 | D:6      | Learned a level 4 spell: Throw Icicle
  7890 | D:6      | Learned a level 4 spell: Summon Ice Beast
  8805 | D:7      | Reached skill level 1 in Ice Magic
  8805 | D:7      | Reached XP level 9. HP: 49/49 MP: 18/29
  8896 | D:7      | Found a stormy altar of Qazlal.
  9256 | D:7      | Slain by a goliath beetle

Action                   |  1- 3 |  4- 6 |  7- 9 || total
-------------------------+-------+-------+-------++-------
Melee: Short sword       |     1 |       |       ||     1
       Dagger            |       |    37 |    14 ||    51
       Rapier            |       |       |    13 ||    13
 Cast: Magic Dart        |    92 |   174 |   251 ||   517
       Call Imp          |     1 |     2 |       ||     3
       Conjure Flame     |     1 |    11 |    23 ||    35
       Mephitic Cloud    |     1 |    11 |    28 ||    40
       Repel Missiles    |       |     1 |       ||     1
       Blink             |       |    15 |     1 ||    16
       Throw Icicle      |       |       |     1 ||     1
Evoke: Wand              |       |     2 |       ||     2
  Use: Scroll            |     3 |     3 |     9 ||    15
       Potion            |       |     1 |       ||     1
 Stab: Confused          |       |     1 |     4 ||     5
  Eat: Chunk             |     3 |    10 |    11 ||    24
